 Dungeon Crawl Stone Soup version 0.29.1-15-g9cfb28693d (webtiles) character file.

Game seed: 9577041971665230993

52665 wingedge the Geomancer (level 13, -2/107 HPs)
             Began as a Demigod Wanderer on Apr 14, 2023.
             Slain by an ettin
             ... wielding a +0 dire flail
              (24 damage)
             ... on level 1 of the Orcish Mines.
             The game lasted 02:23:40 (29318 turns).

wingedge the Geomancer (Demigod Wanderer)          Turns: 29318, Time: 02:23:41

Health: -2/107     AC: 17    Str: 15    XL:     13   Next: 95%
Magic:  4/38       EV: 14    Int: 34    God:
Gold:   338        SH: 18    Dex: 21    Spells: 8/28 levels left

rFire   + . .      SeeInvis .   b - +4 sling of the Whale {freeze, Int+7}
rCold   . . .      Faith    .   N - +2 kite shield {AC+3}
rNeg    . . .      Spirit   .   y - +1 leather armour {Will+}
rPois   +          Reflect  +   T - +0 helmet "Raoxky" {Int+2}
rElec   +          Harm     .   s - +2 cloak {rPois}
rCorr   .          Rampage  .   F - +1 pair of gloves
Will    ++...                   w - +1 pair of boots
Stlth   ++........              h - amulet of reflection
HPRegen 0.27/turn               C - ring of the Equinox {rElec MP+9 Dex+5}
MPRegen 0.26/turn               J - ring of protection from fire

@: very slightly contaminated, studying Earth Magic
A: high MP 1, forlorn, divine attributes
a: no special abilities


You were on level 1 of the Orcish Mines.
You visited 4 branches of the dungeon, and saw 19 of its levels.
You also visited: Bailey.

You collected 1614 gold pieces.
You spent 1276 gold pieces at shops.

Inventory:

Hand Weapons
 a - a +3 scimitar of flaming
 b - the +4 sling of the Whale (weapon) {freeze, Int+7}
   (You took it off an orc priest on level 11 of the Dungeon)

   Any ammunition fired from it freezes those it strikes, dealing additional
   cold damage.
   It can also slow down cold-blooded creatures.
   Int:       It affects your intelligence (+7).
 D - a +2 rapier of distortion
Armour
 c - the +5 scale mail of the Special Scars {Str+3 Dex+2}
   (You found it on level 11 of the Dungeon)

   Str:       It affects your strength (+3).
   Dex:       It affects your dexterity (+2).
 q - a +2 scale mail of cold resistance
 s - a +2 cloak of poison resistance (worn)
 w - a +1 pair of boots (worn)
 y - a +1 leather armour of willpower (worn)
 F - a +1 pair of gloves (worn)
 M - the +5 plate armour "Beotrarch" {Will+ Int+4}
   (You took it off an orc warrior in a bailey)

   Int:       It affects your intelligence (+4).
   Will:      It increases your willpower.
 N - a +2 kite shield of protection (worn)
 T - the +0 helmet "Raoxky" (worn) {Int+2}
   (You found it on level 10 of the Dungeon)

   Int:       It affects your intelligence (+2).
Jewellery
 f - a ring of flight
 h - an amulet of reflection (around neck)
 u - a +6 ring of strength
 z - a ring of protection from cold
 A - a ring of resist corrosion
 C - the ring of the Equinox (left hand) {rElec MP+9 Dex+5}
   (You found it on level 5 of the Lair of Beasts)

   [ring of magical power]

   Dex:       It affects your dexterity (+5).
   rElec:     It insulates you from electricity.
   MP:        It affects your magic capacity (+9).
 G - a ring of positive energy
 J - a ring of protection from fire (right hand)
Wands
 k - a wand of iceblast (13)
 v - a wand of acid (18)
 B - a wand of mindburst (17)
 H - a wand of polymorph (7)
 Y - a wand of paralysis (10)
Scrolls
 m - 5 scrolls of fear
 n - a scroll of torment
 p - 7 scrolls of magic mapping
 t - 5 scrolls of teleportation
 x - a scroll of blinking
 E - 5 scrolls of enchant weapon
 I - a scroll of immolation {unknown}
 O - a scroll of brand weapon
 Q - a scroll of enchant armour
 R - a scroll of summoning
 W - a scroll of silence
 X - 2 scrolls of fog
Potions
 d - 5 potions of heal wounds
 e - 6 potions of curing
 i - 2 potions of haste
 j - 5 potions of mutation
 l - a potion of lignification {unknown}
 o - 2 potions of ambrosia
 r - 3 potions of berserk rage
 P - a potion of flight
 S - 2 potions of magic
 U - a potion of resistance
 V - 5 potions of might
 Z - 2 potions of invisibility {unknown}
Miscellaneous
 L - a box of beasts


   Skills:
 + Level 8.0 Fighting
 - Level 2.0 Long Blades
 + Level 7.0 Armour
 - Level 6.0 Dodging
 - Level 5.0 Shields
 + Level 8.0 Spellcasting
 + Level 7.0 Conjurations
 + Level 9.5 Necromancy
 + Level 3.0 Air Magic
 + Level 13.4 Earth Magic
 - Level 1.0 Evocations


You had 8 spell levels left.
You knew the following spells:

 Your Spells              Type           Power      Damage    Failure   Level
a - Necrotise             Necr           100%       1d9       1%          1
b - Vampiric Draining     Necr           68%        2d10      1%          3
c - Static Discharge      Conj/Air       47%        3-9/arc   2%          2
d - Dispel Undead         Necr           68%        3d23      2%          4
e - Stone Arrow           Conj/Erth      100%       3d13      1%          3
f - Lee's Rapid Deconstr  Erth           40%        3d21*     1%          5
g - Sublimation of Blood  Necr           68%        N/A       1%          2

Your spell library contained the following spells:

 Spells                   Type           Power      Damage    Failure   Level
 Passwall                 Tmut/Erth      46%        N/A       1%          2
 Agony                    Necr           68%        N/A       6%          5
 Animate Armour           Summ/Erth      100%       N/A       7%          4
 Leda's Liquefaction      Hex/Erth       28%        N/A       7%          4
 Dazzling Flash           Conj/Hex       74%        N/A       8%          3
 Swiftness                Air            34%        N/A       10%         3
 Freeze                   Ice            52%        1d7       11%         1
 Anguish                  Hex/Necr       23%        N/A       16%         4
 Blink                    Tloc           26%        N/A       17%         2
 Ensorcelled Hibernation  Hex/Ice        26%        N/A       17%         2
 Wereblood                Tmut           13%        N/A       17%         2
 Corpse Rot               Necr/Pois/Air  42%        N/A       21%         4
 Hailstorm                Conj/Ice       37%        3d9       26%         4
 Iskenderun's Mystic Bla  Conj/Tloc      37%        2d9       26%         4
 Sticky Flame             Conj/Fire      37%        2d6       26%         4
 Frozen Ramparts          Ice            26%        1d4       32%         3
 Lesser Beckoning         Tloc           13%        N/A       32%         3
 Portal Projectile        Hex/Tloc       26%        N/A       32%         3
 Spider Form              Tmut/Pois      13%        N/A       32%         3
 Summon Guardian Golem    Hex/Summ       13%        N/A       32%         3
 Tukima's Dance           Hex            13%        N/A       32%         3
 Statue Form              Tmut/Erth      37%        N/A       71%         6
 Silence                  Hex/Air        12%        N/A       86%         5
 Alistair's Intoxication  Tmut/Pois      8%         N/A       97%         5
 Blade Hands              Tmut           6%         N/A       97%         5
 Manifold Assault         Tloc           13%        N/A       97%         5
 Summon Forest            Summ/Tloc      6%         N/A       97%         5
 Orb of Destruction       Conj           28%        9d9       99%         7
 Spellforged Servitor     Conj/Summ      18%        N/A       100%        7
 Summon Hydra             Summ           6%         N/A       100%        7
 Borgnjor's Revivificati  Necr           34%        N/A       100%        8
 Lehudib's Crystal Spear  Conj/Erth      35%        10d9      100%        8
 Necromutation            Tmut/Necr      23%        N/A       100%        8
 Death's Door             Necr           34%        N/A       100%        9


Dungeon Overview and Level Annotations

Branches:
Dungeon (12/15)            Temple (1/1) D:6            Lair (5/5) D:10
 Shoals (0/4) Lair:2       Spider (0/4) Lair:2        Slime (0/5) Lair:4
    Orc (1/2) D:12         Bailey (visited)

Shops:
D:1 [   D:8 *

Portals:
Hell: Lair:5
Abyss: D:7

Annotations:
Lair:5 2 transporters, Seidenschwarz's ghost, journeyman DECj


Innate Abilities, Weirdness & Mutations

You have an increased reservoir of magic. (+10% MP)
You shall have no god before yourself.
Your divine heritage dramatically boosts your attributes as you level up.


Message History

The stone arrow hits the ettin.
The ettin is heavily wounded.
You block the ettin's attack.
The ettin hits you with a +0 dire flail!!
Casting: Stone Arrow (safe; 1% risk of failure)
Confirm with . or Enter, or press ? or * to list all spells.
Aiming: Stone Arrow (safe; 1% risk of failure)
Press: ? - help, Shift-Dir - straight line, f/p - ettin
Aim: an ettin, wielding two +0 dire flails (heavily wounded, 95% to hit)
The stone arrow hits the ettin.
The ettin is heavily wounded.
The orc warrior throws a boomerang.
The boomerang hits you but does no damage.
The ettin hits you but does no damage.
The ettin hits you with a +0 dire flail!!
* * * LOW HITPOINT WARNING * * *
Casting: Stone Arrow (safe; 1% risk of failure)
Confirm with . or Enter, or press ? or * to list all spells.
The ettin is struck by an arc of lightning!
The ettin is severely wounded.
You resist.
You are struck by an arc of lightning.
* * * LOW HITPOINT WARNING * * *
The ettin is struck by an arc of lightning!
The ettin is almost dead.
You resist.
You are struck by an arc of lightning.
* * * LOW HITPOINT WARNING * * *
The lightning grounds out.
The orc is struck by an arc of lightning!
You kill the orc!
The orc warrior is struck by an arc of lightning.
The orc warrior is heavily wounded.
The lightning grounds out.
You block the ettin's attack. x2
Casting: Static Discharge (safe; 2% risk of failure)
Confirm with . or Enter, or press ? or * to list all spells.
You miscast Static Discharge.
You are very lightly contaminated with residual magic.
Nothing appears to happen.
You block the orc warrior's attack. You block the ettin's attack.
The ettin hits you with a +0 dire flail!!
You die...

... ......
...... )$..#
######)..#
##.<......#
#......)..##
#.....o)...##.
##.##)@)....).
#####C)).....
#.)......
##.......
#...... ......
...... ......
....$


You could see an ettin and an orc warrior.

Vanquished Creatures
  An acid blob (Lair:4)
  Gastronok (Lair:1)
  Josephine (D:10)
  Erolcha (D:10)
  A boulder beetle (D:12)
  6 hydras
  4 two-headed ogres
  3 death yaks
  A sun demon (Lair:5)
  Nergalle (D:10)
  Sonja (Lair:1)
  Pikel (D:5)
  A wizard (Lair:5)
  2 orc knights (Bailey)
  An ugly thing (D:11)
  2 deep elf pyromancers
  An oklob plant (Lair:2)
  An orc sorcerer (Orc:1)
  3 cyclopes
  2 black mambas
  A black mamba (shapeshifter) (D:11)
  4 centaur zombies (D:10)
  2 unseen horror zombies (D:10)
  2 orange demons (Lair:5)
  2 unseen horrors
  Maggie (D:8)
  11 cane toads
  A gargoyle (D:12)
  5 komodo dragons
  6 rime drakes
  4 ice devils (Lair:5)
  3 trolls
  A meliai (shapeshifter) (D:11)
  2 polar bears
  Grinder (D:6)
  11 blink frogs
  6 slime creatures
  6 dream sheep (Lair:5)
  2 shadows (D:11)
  5 wraiths
  2 vampires
  26 yaks
  4 wyverns
  A water elemental (D:12)
  2 steam dragons
  2 vampire mosquitoes (D:10)
  3 basilisks
  10 water moccasins
  Duvessa (D:4)
  An acid dragon (D:12)
  3 hell hounds (Lair:5)
  3 ice beasts
  19 orc warriors
  2 sky beasts
  3 black bears
  An ogre (D:11)
  7 wolves
  7 centaurs
  A phantom (D:5)
  7 kobold brigands
  3 gnoll sergeants (D:7)
  13 bullfrogs
  3 necrophages
  A scorpion (D:7)
  12 wights
  Dowan (D:4)
  15 killer bees
  6 howler monkeys
  A vampire bat (D:4)
  7 electric eels
  A human zombie (D:10)
  4 hounds
  2 jellies
  16 orc priests
  Jessica (D:3)
  A gnoll bouda (D:8)
  6 iguanas
  18 orc wizards
  2 mummies (D:10)
  12 gnolls
  2 river rats
  7 adders
  2 shadow imps
  A white imp (D:8)
  An ufetubus (D:5)
  4 worms
  A dart slug (D:1)
  92 orcs
  3 ball pythons
  11 bats
  11 endoplasms
  2 giant cockroaches
  3 goblins
  6 hobgoblins
  5 jackals
  9 quokkas
  A frilled lizard (D:3)
  30 kobolds
  7 rats
539 creatures vanquished.

Vanquished Creatures (collateral kills)
  A bat (D:1)
  An endoplasm (D:1)
  2 rats (D:1)
4 creatures vanquished.

Vanquished Creatures (others)
  43 fungi
  50 plants
93 creatures vanquished.

Grand Total: 636 creatures vanquished

Notes
Turn   | Place    | Note
-------+----------+-------------------------------------------
     0 | D:1      | wingedge the Demigod Wanderer began the quest for the Orb.
     0 | D:1      | wingedge set off with the following items: a +0 falchion, a
                  | wand of flame (3), a potion of berserk rage, a +0 robe; and
                  | the following spell memorised: Necrotise; and the following
                  | spells available to memorise: Vampiric Draining, Corpse
                  | Rot.
     0 | D:1      | Reached XP level 1. HP: 17/17 MP: 5/5
   787 | D:1      | Reached XP level 2. HP: 24/24 MP: 1/7
  1351 | D:1      | Found Hoog's Armour Shop.
  1692 | D:2      | Reached XP level 3. HP: 29/29 MP: 3/8
  1742 | D:2      | Learned a level 3 spell: Vampiric Draining
  2753 | D:2      | Reached XP level 4. HP: 36/36 MP: 6/9
  3529 | D:3      | Noticed Jessica
  3534 | D:3      | Killed Jessica
  3867 | D:4      | Noticed a centaur
  4342 | D:4      | Learned a level 2 spell: Static Discharge
  4465 | D:4      | Reached XP level 5. HP: 14/42 MP: 0/11
  4824 | D:4      | Noticed Dowan
  4824 | D:4      | Noticed Duvessa
  4833 | D:4      | Killed Duvessa
  4834 | D:4      | Reached skill level 1 in Conjurations
  4834 | D:4      | Reached skill level 1 in Air Magic
  4834 | D:4      | Reached XP level 6. HP: 51/51 MP: 6/13
  4836 | D:4      | Killed Dowan
  5413 | D:5      | Entered Level 5 of the Dungeon
  5438 | D:5      | Reached skill level 5 in Necromancy
  5446 | D:5      | Reached XP level 7. HP: 10/57 MP: 3/14
  5806 | D:5      | Noticed Pikel
  5819 | D:5      | Killed Pikel
  6261 | D:5      | Reached XP level 8. HP: 57/67 MP: 4/17
  6413 | D:5      | Reached skill level 5 in Fighting
  6703 | D:5      | Reached skill level 1 in Armour
  6773 | D:5      | Learned a level 4 spell: Dispel Undead
  7202 | D:6      | Noticed Grinder
  7205 | D:6      | Paralysed by Grinder for 5 turns
  7210 | D:6      | Killed Grinder
  7509 | D:6      | Found a staircase to the Ecumenical Temple.
  7514 | Temple   | Entered the Ecumenical Temple
  7646 | D:6      | Reached skill level 5 in Armour
  7965 | D:6      | Reached skill level 1 in Earth Magic
  7965 | D:6      | Reached XP level 9. HP: 74/74 MP: 13/18
  7977 | D:6      | Reached skill level 2 in Earth Magic
  8101 | D:6      | Learned a level 3 spell: Stone Arrow
  8703 | D:7      | Reached skill level 3 in Earth Magic
  9566 | D:7      | Found a large runed translucent door.
  9566 | D:7      | Found a large runed translucent door.
  9586 | D:7      | Reached skill level 4 in Earth Magic
  9750 | D:7      | Found a one-way gate to the infinite horrors of the Abyss.
  9886 | D:7      | Reached skill level 5 in Spellcasting
  9895 | D:7      | Reached skill level 5 in Conjurations
 10694 | D:8      | Found a flagged portal.
 10991 | Bailey   | Entered a bailey
 11355 | Bailey   | Noticed an orc knight
 11378 | Bailey   | Reached XP level 10. HP: 81/81 MP: 14/21
 11473 | Bailey   | Noticed an orc knight
 11482 | Bailey   | Killed an orc knight
 11483 | Bailey   | Reached skill level 5 in Earth Magic
 11805 | Bailey   | Identified the +5 plate armour "Beotrarch" {Will+ Int+4}
 11920 | Bailey   | Killed an orc knight
 12178 | D:8      | Found Eyzxyapp's Eclectic Emporium.
 12184 | D:8      | Bought a book of the Earth for 396 gold pieces
 12190 | D:8      | Learned a level 5 spell: Lee's Rapid Deconstruction
 12870 | D:8      | Noticed Maggie
 12878 | D:8      | Killed Maggie
 12879 | D:8      | Reached skill level 1 in Shields
 13493 | D:9      | Reached skill level 6 in Earth Magic
 14570 | D:10     | Entered Level 10 of the Dungeon
 14570 | D:10     | Noticed Erolcha
 14573 | D:10     | Killed Erolcha
 14647 | D:10     | Found a staircase to the Lair.
 14647 | D:10     | Noticed a death yak
 14649 | D:10     | Noticed a death yak
 14649 | D:10     | Noticed a death yak
 14655 | D:10     | Killed a death yak
 14656 | D:10     | Reached XP level 11. HP: 86/86 MP: 9/24
 14675 | D:9      | Killed a death yak
 15149 | D:10     | Killed a death yak
 15467 | D:10     | Noticed a two-headed ogre
 15482 | D:10     | Killed a two-headed ogre
 15546 | D:10     | Noticed Josephine
 15552 | D:10     | Killed Josephine
 15874 | D:10     | Identified the +0 helmet "Raoxky" {Int+2}
 16212 | D:10     | Reached skill level 7 in Earth Magic
 16991 | D:10     | Noticed Nergalle
 16997 | D:10     | Killed Nergalle
 17482 | Lair:1   | Entered Level 1 of the Lair of Beasts
 17506 | Lair:1   | Noticed Sonja
 17509 | Lair:1   | Killed Sonja
 17735 | Lair:1   | Noticed a seven-headed hydra
 17740 | Lair:1   | Killed a seven-headed hydra
 17813 | Lair:1   | Reached skill level 5 in Shields
 18001 | Lair:1   | Reached skill level 8 in Earth Magic
 18067 | Lair:1   | Reached XP level 12. HP: 96/96 MP: 11/26
 18416 | Lair:1   | Noticed Gastronok
 18442 | Lair:1   | Killed Gastronok
 19150 | Lair:2   | Found a staircase to the Shoals.
 19741 | Lair:2   | Found a hole to the Spider Nest.
 19780 | Lair:2   | Reached skill level 9 in Earth Magic
 21456 | Lair:4   | Reached skill level 10 in Earth Magic
 21539 | Lair:4   | Found a runed translucent door.
 21649 | Lair:4   | Noticed a five-headed hydra
 21656 | Lair:4   | Killed a five-headed hydra
 22225 | Lair:4   | Noticed an acid blob
 22227 | Lair:4   | Found a staircase to the Slime Pits.
 22238 | Lair:4   | Killed an acid blob
 22581 | Lair:5   | Entered Level 5 of the Lair of Beasts
 22668 | Lair:5   | Noticed Seidenschwarz's ghost (journeyman DECj)
 22670 | Lair:5   | Found a transporter.
 22768 | Lair:5   | Reached skill level 5 in Dodging
 22772 | Lair:5   | Reached XP level 13. HP: 102/105 MP: 11/27
 23207 | Lair:5   | Learned a level 2 spell: Sublimation of Blood
 23250 | Lair:5   | Found a transporter.
 23294 | Lair:5   | Reached skill level 11 in Earth Magic
 24351 | Lair:5   | Reached skill level 12 in Earth Magic
 25133 | Lair:5   | Found a gateway to Hell.
 25140 | Lair:5   | Identified the ring of the Equinox {rElec MP+9 Dex+5}
 25459 | D:8      | Bought a manual of Earth Magic for 880 gold pieces
 26244 | D:11     | Got the Secrets of the Quantum Assassin
 26256 | D:11     | Identified the +4 sling of the Whale {freeze, Int+7}
 26551 | D:11     | Identified the +5 scale mail of the Special Scars {Str+3
                  | Dex+2}
 27506 | D:12     | Reached skill level 13 in Earth Magic
 29057 | D:12     | Found a staircase to the Orcish Mines.
 29295 | Orc:1    | Entered Level 1 of the Orcish Mines
 29318 | Orc:1    | Slain by an ettin

Illustrated notes

Levels and vault maps discovered:
D:1:      giann_wishing_wells, layout_basic, serial_shops, shop, serial_rivers,
          chequers_serial_rivers_small_b, chequers_serial_rivers_micro_e,
          chequers_serial_rivers_marsh, chequers_serial_rivers_room_a,
          chequers_serial_rivers_room_b, shapermc_ecumenical_altar_mp_vishouse
D:2:      layout_loops_ring
D:3:      layout_rooms, zin_statuary, uniq_jessica
D:4:      layout_cave_pods, roderic_batcave, uniq_duvessa
D:5:      minmay_opposing_rooms, layout_loops_ring,
          mainiacjoe_overflow_surrounded_room, okawaru_metal_pillars_1_2,
          reono_crystal_passage, uniq_pikel
D:6:      layout_basic, temple_doors_e, uniq_grinder
D:7:      due_chaos_kobolds, layout_gridville, minmay_alternating_orb
D:8:      layout_basic, enter_bailey_2, nicolae_alphabet_shops, uniq_maggie
D:9:      layout_stronghold, gammafunk_temple_overflow_elements, minmay_orc_keep
D:10:     layout_roguey, lemuel_mausoleum_altar_yredelemnul, kennysheep_mini,
          dpeg_lair_monsters, uniq_erolcha, uniq_josephine, uniq_nergalle
D:11:     minmay_the_grid_square_5x5_3x3 [minmay_the_grid_square_5x5_z,
          minmay_the_grid_square_5x5_trominoes,
          minmay_the_grid_square_5x5_tetrominoes,
          minmay_the_grid_square_5x5_shuriken,
          minmay_the_grid_square_5x5_megaprize_crossed,
          minmay_the_grid_square_5x5_eight_small,
          minmay_the_grid_square_5x5_minibox,
          minmay_the_grid_square_5x5_checkered,
          minmay_the_grid_square_5x5_bracketed], layout_gridville, special_room
          [special_room_orc]
D:12:     layout_gridville, erik_orc_2, minmay_starry_boxes
Temple:   eino_wide_crystal_templ
Lair:1:   layout_long_grid, serial_bayou, serial_bayou_shore_b,
          serial_bayou_pond_a, serial_bayou_lake_a, serial_bayou_lagoon_b,
          serial_bayou_pond_b, serial_bayou_shore_b, uniq_gastronok, uniq_sonja
Lair:2:   layout_hall_layers, shoals_dummy_entry, spider_nest_entry_web_field,
          grunt_megastairs_3
Lair:3:   layout_roguey, infiniplex_staircase_pool
Lair:4:   layout_long_grid, slime_entry_2, grunt_megastairs_2,
          infiniplex_staircase_pool_2
Lair:5:   evil_forest, layout_loops_ring, gammafunk_ghost_wrathful_warriors,
          serial_bayou_shore_b
Orc:1:    layout_diamond_mine

Skill      XL: |  1  2  3  4  5  6  7  8  9 10 11 12 13 |
---------------+----------------------------------------+-----
Necromancy     | 2 3 4 5 6 7 9 |  9.5
Fighting       | 2 3 4 5 6 7 8 |  8.0
Spellcasting   | 2 3 4 5 6 7 8 |  8.0
Long Blades    | 2 |  2.0
Conjurations   | 1 2 3 4 5 6 7 |  7.0
Air Magic      | 1 2 3 |  3.0
Dodging        | 3 5 6 |  6.0
Armour         | 5 7 |  7.0
Earth Magic    | 1 4 6 8 10 13 | 13.4
Shields        | 3 5 |  5.0
Evocations     | |  1.0

Action                   |  1- 3 |  4- 6 |  7- 9 | 10-12 | 13-15 || total
-------------------------+-------+-------+-------+-------+-------++-------
Melee: Falchion          |    23 |     5 |       |       |       ||    28
       Dagger            |       |     6 |     4 |       |       ||    10
       Punch             |       |     1 |       |       |       ||     1
       Scimitar          |       |       |    10 |    40 |    38 ||    88
       Morningstar       |       |       |     5 |       |       ||     5
       Staff             |       |       |       |     5 |       ||     5
Throw: Dart              |       |       |       |     6 |       ||     6
 Cast: Necrotise         |   127 |    78 |    29 |     1 |       ||   235
       Vampiric Draining |       |    10 |    47 |    11 |     5 ||    73
       Static Discharge  |       |     8 |    49 |    65 |    50 ||   172
       Dispel Undead     |       |       |     7 |    38 |     5 ||    50
       Stone Arrow       |       |       |    54 |   233 |   121 ||   408
       Lee's Rapid Decon |       |       |       |    16 |    66 ||    82
       Sublimation of Bl |       |       |       |       |    10 ||    10
Evoke: Wand              |       |     4 |    15 |     4 |     2 ||    25
       Box of beasts     |       |       |       |       |     1 ||     1
  Use: Scroll            |       |    12 |    10 |    10 |     5 ||    37
       Potion            |       |       |     1 |       |       ||     1
 Stab: Distracted        |       |     1 |       |       |       ||     1
Armor: Robe              |     5 |    14 |    40 |    59 |       ||   118
       Leather armour    |       |       |       |    12 |    28 ||    40
       Scale mail        |       |       |       |       |    17 ||    17
Dodge: Dodged            |    39 |    27 |    97 |    80 |    55 ||   298
Block: Kite shield       |       |       |       |   128 |   140 ||   268
       Reflection        |       |       |       |       |     8 ||     8
